 Dungeon Crawl Stone Soup version 0.30-a0-250-g41c1d76940 (webtiles) character file.

Game seed: 5152281731043377953

0 Flugkiller the Sneak (level 1, 0/16 HPs)
             Began as an Octopode Delver on Oct 12, 2022.
             Was an Initiate of Hepliaklqana.
             Slain by an orc
             ... wielding a +0 club
              (3 damage)
             ... on level 5 of the Dungeon.
             The game lasted 00:00:41 (204 turns).

Flugkiller the Sneak (Octopode Delver)               Turns: 204, Time: 00:00:42

Health: 0/16       AC:  1    Str: 11    XL:     1   Next: 0%
Magic:  1/1        EV: 13    Int: 12    God:    Hepliaklqana [......]
Gold:   0          SH:  0    Dex: 13    Spells: 0/0 levels left

rFire   . . .      SeeInvis .    a - +0 short sword
rCold   . . .      Faith    .    (no shield)
rNeg    . . .      Spirit   .    (helmet restricted)
rPois   .          Reflect  .    (no amulet)
rElec   .          Harm     .    (no ring)
rCorr   .          Rampage  .    (no ring)
Will    .....                    (no ring)
Stlth   ++++......               (no ring)
HPRegen 0.22/turn                (no ring)
MPRegen 0.07/turn                (no ring)
                                 (no ring)
                                 (no ring)

@: hasted, very quick
A: almost no armour, amphibious, 8 rings, camouflage 1, gelatinous body 1,
(nimble swimmer 1), tentacles
a: Renounce Religion


You were on level 5 of the Dungeon.
You worshipped Hepliaklqana.
Hepliaklqana was noncommittal.
You visited 2 branches of the dungeon, and saw 2 of its levels.

Inventory:

Hand Weapons
 a - a +0 short sword (weapon)
Wands
 f - a wand of digging (3)
Scrolls
 b - a scroll of fog


   Skills:
 - Level 3.0 Fighting
 - Level 2.0 Short Blades
 + Level 2.0 Dodging
 - Level 6.6 Stealth


You couldn't memorise any spells.
You didn't know any spells.
Your spell library was empty.

Dungeon Overview and Level Annotations

Branches:
Dungeon (5/15) Zot: 5973   Temple (1/1) D:5 Zot: 5828

Altars:
Cheibriados
Elyvilon
Fedhas
Hepliaklqana
Nemelex Xobeh
Qazlal
Ru
Sif Muna
Trog
Uskayaw
Wu Jian
Yredelemnul


Innate Abilities, Weirdness & Mutations

You cannot wear most types of armour.
You are amphibious.
You can wear up to eight rings at the same time.
Your skin changes colour to match your surroundings (Stealth+).
Your rubbery body absorbs attacks. (AC +1, EV +1)
((You are camouflaged when in or above water. (Stealth+)))
You have tentacles for arms and can constrict up to eight enemies at once.


Message History

Welcome, Flugkiller the Octopode Delver.
The heart of this dungeon contains the pretty good artefact, the Orb of Zot.
Press ? for a list of commands and other information.
Found a stone staircase leading down.
Found a staircase to the Ecumenical Temple.
An orc wizard comes into view. It is wielding a +0 dagger.
The orc wizard shouts!
The orc wizard hits the plant with a +0 dagger.
The plant begins to die.
Something hits the plant.
Something hits the plant.
There is a staircase to the Ecumenical Temple here.
Something hits the plant.
The plant begins to die.
Something hits the plant.
You climb downwards.
Welcome to the Ecumenical Temple!
There is a staircase back to the Dungeon here.
Found a shimmering blue altar of Sif Muna.
Found a bloodstained altar of Trog.
Found a white marble altar of Elyvilon.
Found a basalt altar of Yredelemnul.
Found a sacrificial altar of Ru.
Found a sparkling altar of Nemelex Xobeh.
Found a hide-covered altar of Uskayaw.
There is a fountain of clear blue water here.
Found a stormy altar of Qazlal.
Found a hazy altar of Hepliaklqana.
Found a blossoming altar of Fedhas.
Found a snail-covered altar of Cheibriados.
Done exploring.
Done exploring.
Done exploring.
There is a staircase back to the Dungeon here.
There is a hazy altar of Hepliaklqana here.
You curl up in front of the altar of Hepliaklqana.
Hepliaklqana welcomes you!
There is a staircase back to the Dungeon here.
Okay, then.
Okay, then.
You can't go down here!
You climb upwards.
There is a staircase to the Ecumenical Temple here.
Unknown command.
As you read the scroll of fear, it crumbles to dust.
You assume a fearsome visage.
The orc looks frightened!
The orc shouts!
You hear a shout!
As you read the scroll of magic mapping, it crumbles to dust.
You feel aware of your surroundings.
You sensed 3 altars.
You feel yourself speed up.
Unknown command.
An orc comes into view. It is wielding a +0 short sword.
The orc wizard gestures wildly while chanting.
The orc wizard flickers and vanishes!
Deactivating autopickup; reactivate with Ctrl-A.
Found an ornate altar of the Wu Jian Council. 4 orcs come into view.
An orc comes into view. It is wielding a +0 club.
The orc shouts! x2; You hear a shout!
You hear an angry hiss.
An orc wizard comes into view. It is wielding a +0 dagger.
An orc priest and an orc come into view.
The orc shouts! x2; You hear a shout!
An iguana comes into view.
The orc priest mumbles some strange prayers to Beogh against you.
Beogh smites you!
Ouch! That really hurt!
* * * LOW HITPOINT WARNING * * *
The orc hits you with a +0 club.
You die...

,,,+......# *,* ####.....>#
*,* .........## *,*
.........# *,* .........#
*,* .........###### *,*
.......##.....######.#
...............o#....#*****
.....#..o..♣♣..o@#**,,,,,,*
.....#.....♣♣..oo#**,**,***
....#..≈≈.......o.#*,*,,,,*
*#.*#..≈≈.....≈≈..#*,*,,,**
*,......o._..≈≈..#*,*,,,*
**##.oo..........#*,*<,,**
*,,,##l.......#*,*,,,,*
**,,*#..##...##*,*,,,**
*,,,,,,**,,,* *,*,,,*


You could see an iguana, an orc priest, an orc wizard and 4 orcs.

Vanquished Creatures (others)
  2 plants (D:5)
2 creatures vanquished.

Notes
Turn   | Place    | Note
-------+----------+-------------------------------------------
     0 | D:5      | Flugkiller the Octopode Delver began the quest for the Orb.
     0 | D:5      | Reached XP level 1. HP: 16/16 MP: 1/1
     1 | D:5      | Found a staircase to the Ecumenical Temple.
     5 | D:5      | Noticed an orc wizard
    10 | Temple   | Entered the Ecumenical Temple
   165 | Temple   | Became a worshipper of Hepliaklqana the Forgotten
   196 | D:5      | Found an ornate altar of the Wu Jian Council.
   199 | D:5      | Noticed an orc wizard
   199 | D:5      | Noticed an orc priest
   203 | D:5      | Noticed an iguana
   204 | D:5      | Slain by an orc

Illustrated notes

Levels and vault maps discovered:
D:5:      layout_basic, nicolae_wu_jian_wuxing_cycle, okawaru_altar_gauntlet_db,
          lemuel_coloured_pillars_altar, minmay_temple_entry_gardened_gates,
          uniq_ijyb
Temple:   jpeg_temple_clearing

Action                   || total
-------------------------++-------
  Use: Scroll            ||     2
       Potion            ||     1

Table legend: (Time is in decaauts)
 A = Elapsed time spent in this place.
 B = Non-inter-level travel time spent in this place.
 C = Inter-level travel time spent in this place.
 D = Time resting spent in this place.
 E = Time spent auto-exploring this place.
 F = Levels seen in this place.
 G = Mean time per level.
                   A        B        C        D        E       F      G
               +--------+--------+--------+--------+--------+-----+--------+
         Total |    198 |    151 |     47 |      0 |    109 |   2 |   99.0 |
       Dungeon |     26 |     26 |      0 |      0 |      0 |   1 |   26.0 |
        Temple |    171 |    124 |     47 |      0 |    109 |   1 |  171.0 |
               +--------+--------+--------+--------+--------+-----+--------+

Top non-repeatable levels by time:
  Temple: 171 daAuts
     D:5: 26 daAuts
